 Dungeon Crawl Stone Soup version 0.27.1-33-g824d729ab1 (webtiles) character file.

Game seed: 4474077906541481491

818 pkoi the Insei (level 7, 0/52 (57) HPs)
             Began as a Pale Draconian Monk on Dec 7, 2021.
             Slain by a wight (3 damage)
             ... in an ossuary.
             The game lasted 00:06:59 (6008 turns).

pkoi the Insei (Pale Draconian Monk)                Turns: 6008, Time: 00:07:00

HP:   0/52 (57)     AC:  6    Str: 13    XL:     7   Next: 62%
MP:   10/10         EV: 12    Int: 12    God:
Gold: 124           SH:  0    Dex: 14    Spells: 9/10 levels left

rFire    . . .     SeeInvis +     - Unarmed
rCold    . . .     Faith    .   (no shield)
rNeg     . . .     Spirit   .   (armour unavailable)
rPois    +         Reflect  .   (helmet restricted)
rElec    .         Harm     .   (no cloak)
rCorr    .         Rampage  .   (no gloves)
Will     .....                  (no boots)
Stlth    ++........             q - amulet of regeneration
HPRegen  1.17/turn              h - ring of poison resistance
MPRegen  0.12/turn              m - ring of see invisible

@: drained
A: breathe steam, AC +6, unfitting armour, cold-blooded, steam resistance
a: Breathe Steam


You were in an ossuary.
You visited 1 branch of the dungeon, and saw 5 of its levels.
You also visited: Ossuary.

You collected 190 gold pieces.
You spent 66 gold pieces at shops.

Inventory:

Missiles
 b - 12 poisoned darts (quivered)
Armour
 d - a +1 pair of boots
 n - a +0 cloak
Jewellery
 h - a ring of poison resistance (left hand)
 m - a ring of see invisible (right hand)
 q - an amulet of regeneration (around neck)
 u - a ring of ice
Wands
 o - a wand of iceblast (9)
Scrolls
 e - 2 scrolls of amnesia
 f - 2 scrolls of teleportation
 r - 6 scrolls of identify
Potions
 a - 5 potions of curing {unknown}
 c - 2 potions of flight
 g - 3 potions of brilliance
 i - 2 potions of heal wounds {unknown}
 j - a potion of haste
 k - a potion of magic
 l - 6 potions of lignification {unknown}
 p - a potion of cancellation {unknown}
 s - 5 potions of attraction {unknown}


   Skills:
 - Level 3.2 Fighting
 - Level 2.6 Dodging
 - Level 1.7 Stealth
 * Level 7.7 Unarmed Combat
 - Level 2.0 Spellcasting
 + Level 3.8 Translocations


You had 9 spell levels left.
You knew the following spells:

 Your Spells              Type           Power      Damage    Failure   Level
a - Apportation           Tloc           20%        N/A       5%          1

Your spell library contained the following spells:

 Spells                   Type           Power      Damage    Failure   Level
 Animate Skeleton         Necr           2%         N/A       26%         1
 Corona                   Hex            1%         N/A       26%         1
 Sting                    Tmut/Pois      4%         1d3       26%         1
 Summon Small Mammal      Summ           4%         N/A       26%         1
 Corpse Rot               Necr/Air       N/A        N/A       38%         2
 Poisonous Vapours        Pois/Air       2%         N/A       38%         2
 Dispel Undead            Necr           1%         3d6       95%         4
 Olgreb's Toxic Radiance  Pois           1%         N/A       95%         4
 Death Channel            Necr           0%         N/A       100%        6


Dungeon Overview and Level Annotations

Branches:
Dungeon (5/15)            Ossuary (1/1)
 Temple: D:4-7

Altars:
Okawaru
Trog
Uskayaw
Yredelemnul

Shops:
D:3 ?:?


Innate Abilities, Weirdness & Mutations

You can breathe blasts of scalding, opaque steam.
Your pale cyan-grey scales are hard. (AC +6)
You cannot fit into any form of body armour.
You are cold-blooded and may be slowed by cold attacks.
You are immune to the effects of steam.


Message History

You are too injured to fight recklessly!
You are too injured to fight recklessly!
You are too injured to fight recklessly!
You are too injured to fight recklessly!
You are too injured to fight recklessly!
You are too injured to fight recklessly!
You are too injured to fight recklessly!
You are too injured to fight recklessly!
You are too injured to fight recklessly!
You hit the wight.
The wight is severely damaged.
The wight hits you with a +3 great sword.
You feel drained.
You completely miss the wight.
Your tail-slap misses the wight.
The wight is severely damaged.
The wight hits you with a +3 great sword!!
* * * LOW HITPOINT WARNING * * *
You hit the wight but do no damage.
The wight is severely damaged.
You hit the wight.
The wight is almost destroyed.
The wight barely misses you.
You hit the wight but do no damage.
The wight is almost destroyed.
The wight hits you with a +3 great sword.
* * * LOW HITPOINT WARNING * * *
Unknown command.
You barely miss the wight.
You tail-slap the wight, but do no damage.
The wight is almost destroyed.
The wight completely misses you.
You closely miss the wight.
The wight is almost destroyed.
The wight barely misses you.
You barely miss the wight.
The wight is almost destroyed.
The wight hits you with a +3 great sword!
* * * LOW HITPOINT WARNING * * *
You feel drained.
You die...

#################
#@..............#
#.z##..###..##+.#
#.#.#..# #..# #.#
#.###..###..###.#
#...............#
#.###...?...###.##
#.#z#.......# #.'.
#.# #.......###.##
#...............#


You could see a wight.

Vanquished Creatures
  An orc warrior (D:5)
  A necrophage (D:5)
  A water moccasin zombie (D:5)
  A centaur zombie (Ossuary)
  A jelly (D:5)
  2 orc priests
  2 centaur skeletons
  2 orc wizards
  A hound skeleton (D:4)
  A mummy (D:5)
  Robin (D:1)
  8 gnolls
  A howler monkey skeleton (D:5)
  8 adders
  An ufetubus (D:4)
  5 adder zombies (Ossuary)
  4 worms (D:2)
  5 dart slugs
  5 orcs
  A bat (D:1)
  5 endoplasms
  5 giant cockroaches
  18 goblins
  10 hobgoblins
  4 jackals (D:1)
  5 quokkas
  8 ball pythons
  8 frilled lizards
  A goblin zombie (D:5)
  2 hobgoblin skeletons (Ossuary)
  A hobgoblin zombie (D:5)
  11 kobolds
  An orc skeleton (Ossuary)
  An orc zombie (Ossuary)
  6 rats
138 creatures vanquished.

Notes
Turn   | Place    | Note
-------+----------+-------------------------------------------
     0 | D:1      | pkoi the Draconian Monk began the quest for the Orb.
     0 | D:1      | Reached XP level 1. HP: 19/19 MP: 1/1
   386 | D:1      | Reached XP level 2. HP: 15/26 MP: 2/2
  1016 | D:1      | Reached skill level 4 in Unarmed Combat
  1106 | D:1      | Found a hide-covered altar of Uskayaw.
  1214 | D:1      | Reached XP level 3. HP: 31/31 MP: 3/3
  1809 | D:2      | Noticed Robin
  2317 | D:1      | Killed Robin
  2318 | D:1      | Reached XP level 4. HP: 29/38 MP: 4/4
  2396 | D:2      | Reached skill level 5 in Unarmed Combat
  2556 | D:2      | Learned a level 1 spell: Apportation
  3360 | D:2      | Found a faded altar of an unknown god.
  3706 | D:3      | Found an iron altar of Okawaru.
  3731 | D:3      | Reached skill level 1 in Translocations
  3751 | D:3      | Reached XP level 5. HP: 45/45 MP: 6/6
  4012 | D:3      | Found Doru's Magic Scroll Shop.
  4030 | D:3      | Reached skill level 1 in Spellcasting
  4034 | D:3      | Found Rybev's Book Boutique.
  4048 | D:3      | Bought a scroll of teleportation for 42 gold pieces
  4128 | D:3      | Found Cutsel's Magic Scroll Boutique.
  4137 | D:3      | Bought a scroll of identify for 24 gold pieces
  4837 | D:4      | Reached skill level 6 in Unarmed Combat
  4837 | D:4      | Reached XP level 6. HP: 31/51 MP: 8/8
  4959 | D:4      | Found a basalt altar of Yredelemnul.
  5400 | D:5      | Entered Level 5 of the Dungeon
  5565 | D:5      | Found a bloodstained altar of Trog.
  5565 | D:5      | Noticed an orc warrior
  5596 | D:5      | Killed an orc warrior
  5701 | D:5      | Your scales start taking on a pale cyan-grey colour.
  5701 | D:5      | Reached XP level 7. HP: 47/57 MP: 10/10
  5701 | D:5      | Gained mutation: You are immune to the effects of steam.
                  | [Pale Draconian growth]
  5733 | D:5      | Reached skill level 7 in Unarmed Combat
  5826 | D:5      | Found a sand-covered staircase.
  5832 | Ossuary  | Entered an ossuary
  5955 | Ossuary  | Noticed a wraith
  5955 | Ossuary  | Noticed a flying skull
  5968 | Ossuary  | Noticed a flying skull
  5987 | Ossuary  | Noticed a flying skull
  6008 | Ossuary  | Slain by a wight

Illustrated notes

Levels and vault maps discovered:
D:1:      dpeg_arrival_water_fire, layout_basic, minmay_hexomino_r4
D:2:      layout_rooms, chequers_ecumenical_altar_twisty, uniq_robin
D:3:      layout_basic, kennysheep_okawaru_gauntlet, serial_shops, shop,
          shop_scrolls, shop, chequers_serial_rivers_room_b,
          minmay_strange_pillars
D:4:      layout_loops_corners, mainiacjoe_overflow_paths,
          hangedman_decor_points
D:5:      minmay_bubble_buster, layout_rooms,
          nzn_overflow_gifts_of_might_and_magic, kennysheep_little_box,
          mainiacjoe_overflow_alcove_4, nicolae_ossuary_entry_giza
Ossuary:  ossuary_due_cavern

Skill      XL: |  1  2  3  4  5  6  7 |
---------------+----------------------+-----
Unarmed Combat | 4 5 6 7 |  7.7
Translocations | 1 2 3 |  3.8
Spellcasting   | 1 2 |  2.0
Fighting       | |  3.2
Dodging        | |  2.6
Stealth        | |  1.7

Action                   |  1- 3 |  4- 6 |  7- 9 || total
-------------------------+-------+-------+-------++-------
Melee: Unarmed           |   151 |   284 |   103 ||   538
       Tailslap          |    13 |    33 |    18 ||    64
       Punch             |     1 |     4 |     1 ||     6
Throw: Dart              |       |    15 |       ||    15
  Use: Scroll            |     2 |     8 |       ||    10
       Potion            |       |     1 |       ||     1
 Stab: Sleeping          |     2 |     6 |     3 ||    11
Armor: Skin              |    47 |    71 |    29 ||   147
Dodge: Dodged            |   102 |   163 |    44 ||   309
